 Dungeon Crawl Stone Soup version 0.29.1-1-gd02db6906a (webtiles) character file.

Game seed: 5188305537533433977

17033 hawla the Destroyer (level 12, -5/97 HPs)
             Began as a White Draconian Conjurer on Sept 22, 2022.
             Was an Elder of Vehumet.
             Slain by a five-headed hydra (9 damage)
             ... on level 11 of the Dungeon on Sept 23, 2022.
             The game lasted 00:52:37 (13500 turns).

hawla the Destroyer (White Draconian Conjurer)     Turns: 13500, Time: 00:52:38

Health: -5/97      AC: 12    Str: 12    XL:     12   Next: 15%
Magic:  14/23      EV: 20    Int: 27    God:    Vehumet [****..]
Gold:   828        SH:  0    Dex: 18    Spells: 13/26 levels left

rFire   + . .      SeeInvis .   v - +4 dagger of Qoemnam {pain, Str+3}
rCold   + . .      Faith    .   (no shield)
rNeg    . . .      Spirit   .   (body armour unavailable)
rPois   .          Reflect  .   (helmet restricted)
rElec   .          Harm     +   j - +2 cloak
rCorr   +          Rampage  .   P - +0 pair of gloves {Str+3}
Will    .....      Clarity  +   (no boots)
Stlth   ++........              k - amulet "Ehi Edos" {RegenMP Harm rCorr Str-4 Int+6}
HPRegen 0.26/turn               l - ring of protection from fire
MPRegen 0.58/turn               K - ring of Roiniel {rCorr EV+4 Str+2}

@: freezing walls
A: breathe frost, AC +8, unfitting armour, cold resistance 1, cold-blooded,
agile 2, clarity
a: Breathe Frost, Renounce Religion


You were on level 11 of the Dungeon.
You worshipped Vehumet.
Vehumet was greatly pleased with you.
You visited 2 branches of the dungeon, and saw 12 of its levels.

You collected 1746 gold pieces.
You spent 918 gold pieces at shops.

Inventory:

Hand Weapons
 g - the +8 frozen axe "Frostbite" {freezing cloud, *Noise Fly rC+}
   (You found it on level 7 of the Dungeon)

   It freezes those it strikes, dealing additional cold damage.
   It can also slow down cold-blooded creatures.
   It occasionally leaves clouds of freezing vapour upon striking a foe.
   It grants immunity to clouds of freezing vapour.
   rC:        It protects you from cold.
   Fly:       It grants you flight.
   *Noise:    It may make noises in combat.
 v - the +4 dagger of Qoemnam (weapon) {pain, Str+3}
   (You took it off a kobold on level 9 of the Dungeon)

   In the hands of one skilled in necromantic magic, it inflicts extra damage on
   living creatures.
   Str:       It affects your strength (+3).
 A - a +0 trident of distortion
Missiles
 p - 55 poisoned darts (quivered)
 y - 10 curare-tipped darts
 G - 2 throwing nets
 H - a javelin
 I - 7 boomerangs
Armour
 j - a +2 cloak (worn)
 B - a +2 buckler
 P - a +0 pair of gloves of strength (worn)
Magical Staves
 e - a staff of poison
Jewellery
 d - an amulet of the acrobat
 k - the amulet "Ehi Edos" (around neck) {RegenMP Harm rCorr Str-4 Int+6}
   (You acquired it on level 10 of the Dungeon)

   [amulet of magic regeneration]

   It increases your rate of magic regeneration.
   Str:       It affects your strength (-4).
   Int:       It affects your intelligence (+6).
   rCorr:     It protects you from acid and corrosion.
   Harm:      It increases damage dealt and taken.
 l - a ring of protection from fire (left hand)
 m - an amulet of regeneration
 z - a ring of wizardry
 J - a ring of positive energy
 K - the ring of Roiniel (right hand) {rCorr EV+4 Str+2}
   (You took it off a kobold brigand on level 9 of the Dungeon)

   [ring of evasion]

   EV:        It affects your evasion (+4).
   Str:       It affects your strength (+2).
   rCorr:     It protects you from acid and corrosion.
 L - a +6 ring of strength
Wands
 n - a wand of paralysis (10)
 u - a wand of polymorph (14)
 C - a wand of roots (5)
 D - a wand of flame (11)
 F - a wand of digging (4)
Scrolls
 b - 2 scrolls of teleportation
 h - a scroll of fog
 o - 3 scrolls of amnesia
 r - 2 scrolls of identify
 s - a scroll of blinking
 x - 3 scrolls of enchant armour
 M - a scroll of magic mapping
 O - a scroll of summoning
Potions
 a - 3 potions of might
 c - 2 potions of brilliance
 f - a potion of cancellation
 q - 2 potions of flight
 t - 5 potions of curing
 w - 2 potions of haste
 E - a potion of heal wounds
 N - a potion of invisibility {unknown}
Miscellaneous
 i - a condenser vane


   Skills:
 + Level 6.9 Fighting
 - Level 1.9 Short Blades
 + Level 8.5 Axes
 + Level 0.3 Throwing
 + Level 7.4 Dodging
 - Level 2.7 Stealth
 + Level 7.5 Spellcasting
 + Level 11.1 Conjurations
 + Level 4.0 Necromancy
 + Level 5.0 Translocations
 + Level 1.6 Ice Magic
 + Level 1.0 Poison Magic
 + Level 1.0 Evocations


You had 13 spell levels left.
You knew the following spells:

 Your Spells              Type           Power      Damage    Failure   Level
a - Magic Dart            Conj           100%       1d8       1%          1
b - Searing Ray           Conj           100%       2d8       1%          2
c - Iskenderun's Mystic   Conj/Tloc      52%        2d11      1%          4
d - Vampiric Draining     Necr           32%        2d8       3%          3
e - Frozen Ramparts       Ice            36%        1d6       2%          3

Your spell library contained the following spells:

 Spells                   Type           Power      Damage    Failure   Level
 Apportation              Tloc           74%        N/A       1%          1
 Sublimation of Blood     Necr           32%        N/A       1%          2
 Dazzling Flash           Conj/Hex       80%        N/A       1%          3
 Fulminant Prism          Conj/Hex       20%        3d13      1%          4
 Irradiate                Conj/Tmut      20%        3d18      4%          5
 Slow                     Hex            40%        N/A       5%          1
 Portal Projectile        Hex/Tloc       46%        N/A       6%          3
 Passage of Golubria      Tloc           37%        N/A       7%          4
 Ozocubu's Armour         Ice            18%        N/A       9%          3
 Call Canine Familiar     Summ           10%        N/A       17%         3
 Confusing Touch          Hex            10%        N/A       17%         3
 Tukima's Dance           Hex            10%        N/A       17%         3
 Agony                    Necr           32%        N/A       28%         5
 Lee's Rapid Deconstruct  Erth           5%         3d7*      36%         5
 Yara's Violent Unravell  Hex/Tmut       5%         3d4       36%         5
 Leda's Liquefaction      Hex/Erth       5%         N/A       50%         4
 Petrify                  Tmut/Erth      10%        N/A       50%         4
 Metabolic Englaciation   Hex/Ice        7%         N/A       73%         5
 Alistair's Intoxication  Tmut/Pois      8%         N/A       77%         5
 Blade Hands              Tmut           5%         N/A       83%         5
 Silence                  Hex/Air        5%         N/A       83%         5
 Simulacrum               Ice/Necr       12%        N/A       95%         6


Dungeon Overview and Level Annotations

Branches:
Dungeon (11/15)            Temple (1/1) D:5            Lair (0/5) D:10
    Orc (0/2) D:10

Altars:
Ashenzari
Cheibriados
Dithmenos
Elyvilon
Fedhas
Gozag
Hepliaklqana
Kikubaaqudgha
Makhleb
Nemelex Xobeh
Okawaru
Qazlal
Ru
Sif Muna
Trog
Uskayaw
Vehumet
Wu Jian
Xom
Yredelemnul
Zin
The Shining One

Shops:
D:7 (   D:8 (   D:10 *

Portals:
Abyss: D:6


Innate Abilities, Weirdness & Mutations

You can breathe waves of freezing cold which knock back foes.
Your icy white scales are hard. (AC +8)
You cannot fit into any form of body armour.
Your flesh is cold resistant. (rC+)
You are cold-blooded and may be slowed by cold attacks.
You are very agile. (Dex +8, Str/Int -2)
You possess an exceptional clarity of mind.


Message History

The five-headed hydra bites you but does no damage.
The five-headed hydra bites you.
The five-headed hydra barely misses you.
The five-headed hydra bites you!
Casting: Iskenderun's Mystic Blast (mildly dangerous; 1% risk of failure)
Confirm with . or Enter, or press ? or * to list all spells.
You erupt in a blast of force!
The mystic blast hits the five-headed hydra!
The five-headed hydra is heavily wounded.
The five-headed hydra bites you but does no damage.
The five-headed hydra bites you. x2
* * * LOW HITPOINT WARNING * * *
The five-headed hydra barely misses you.
The five-headed hydra misses you.
Casting: Iskenderun's Mystic Blast (mildly dangerous; 1% risk of failure)
Confirm with . or Enter, or press ? or * to list all spells.
Casting: Frozen Ramparts (mildly dangerous; 2% risk of failure)
Press: ? - help, Dir - look around, f - activate The walls around you are covered in ice.
The wall freezes the five-headed hydra!
The five-headed hydra bites you but does no damage.
The five-headed hydra bites you!
* * * LOW HITPOINT WARNING * * *
The five-headed hydra misses you.
The five-headed hydra barely misses you.
The five-headed hydra bites you but does no damage.
Casting: Frozen Ramparts (mildly dangerous; 2% risk of failure)
Confirm with . or Enter, or press ? or * to list all spells.
You erupt in a blast of force!
The mystic blast hits the five-headed hydra.
The five-headed hydra is severely wounded.
The wall freezes the five-headed hydra.
The five-headed hydra seems to slow down.
The five-headed hydra bites you but does no damage.
The five-headed hydra misses you.
The five-headed hydra closely misses you.
The five-headed hydra bites you!
* * * LOW HITPOINT WARNING * * *
The five-headed hydra bites you!
You die...

##...#.....#...#........
...♣....#....♣....#.....
.#...#.....#...#.......
.......♣.♣.......♣.♣.##
..♣.♣.......♣.♣.......#
......#...#.....#...#.####
...#....♣....#....♣.......
#.....#...#.....#..$#.#
#.♣.♣...)...♣.♣.@D....#
.......♣.♣.......♣.♣.##
.#...#.....#...#.....#
...♣.†..#....♣....#...#
.#...#.....#...#......#
.......♣.♣.......♣.♣....
#.♣.♣.......♣.♣.......###
#.....#...#.....#...#.#
.#.#....♣....#


You could see a five-headed hydra (slow).

Vanquished Creatures
  A boulder beetle (D:11)
  2 two-headed ogres (D:9)
  Amaemon (D:11)
  Sonja (D:10)
  A manticore (D:10)
  The ghost of Fractals the Arsonist, a novice DEFE (D:6)
  A moth of wrath (D:7)
  The ghost of ConnorV the Chopper, a novice MiBe of Trog (D:5)
  An orange demon (D:11)
  Psyche (D:8)
  An unseen horror (D:11)
  2 komodo dragons (D:10)
  2 gargoyles
  A merfolk (D:9)
  4 trolls
  A shadow (D:11)
  7 yaks (D:9)
  5 wyverns
  6 vampire mosquitoes (D:11)
  2 basilisks (D:10)
  A steam dragon (D:8)
  A hog (D:9)
  A water moccasin (D:6)
  A sky beast (D:7)
  3 ice beasts
  3 orc warriors
  8 black bears (D:9)
  A swamp drake (D:10)
  4 ogres
  9 centaurs
  A phantom (D:5)
  7 kobold brigands
  9 bullfrogs
  5 gnoll sergeants
  A water moccasin skeleton (D:5)
  5 killer bees (D:9)
  4 howler monkeys
  5 electric eels (D:9)
  2 small abominations (D:6)
  2 bullfrog zombies (D:5)
  2 hounds
  4 gnoll boudas
  4 orc priests
  A jelly (D:5)
  Jessica (D:3)
  13 orc wizards
  Robin (D:3)
  18 gnolls
  A howler monkey skeleton (D:5)
  5 adders
  A shadow imp (D:7)
  A white imp (D:6)
  An ufetubus (D:6)
  2 dart slugs
  33 orcs
  4 ball pythons
  2 bats
  5 endoplasms
  6 giant cockroaches
  15 goblins
  8 hobgoblins
  6 jackals
  4 quokkas
  3 training dummies (D:8)
  4 frilled lizards
  33 kobolds
  6 rats
299 creatures vanquished.

Vanquished Creatures (collateral kills)
  A hell hog (D:6)
  The ghost of LustLizard the Covert, a novice SpAM (D:6)
  A small abomination (D:6)
  An endoplasm (D:4)
4 creatures vanquished.

Vanquished Creatures (others)
  45 plants
45 creatures vanquished.

Grand Total: 348 creatures vanquished

Notes
Turn   | Place    | Note
-------+----------+-------------------------------------------
     0 | D:1      | hawla the Draconian Conjurer began the quest for the Orb.
     0 | D:1      | Reached XP level 1. HP: 14/14 MP: 3/3
   418 | D:1      | Reached XP level 2. HP: 20/20 MP: 0/5
   421 | D:1      | Learned a level 2 spell: Searing Ray
   949 | D:1      | Reached XP level 3. HP: 24/26 MP: 0/7
  1021 | D:1      | Found a faded altar of an unknown god.
  1184 | D:1      | You fall into a shaft and drop 1 floor!
  2600 | D:3      | Reached XP level 4. HP: 33/33 MP: 6/8
  2600 | D:3      | Noticed Robin
  2738 | D:2      | Learned a level 4 spell: Iskenderun's Mystic Blast
  2905 | D:3      | Killed Robin
  2906 | D:3      | Reached skill level 5 in Conjurations
  3047 | D:3      | Noticed Jessica
  3135 | D:3      | Killed Jessica
  3226 | D:3      | Reached skill level 1 in Translocations
  3226 | D:3      | Reached XP level 5. HP: 26/33 MP: 1/9
  3568 | D:3      | Reached skill level 6 in Conjurations
  3684 | D:3      | Found a broken altar of Ashenzari.
  3846 | D:4      | Found a sacrificial altar of Ru.
  3928 | D:4      | Reached XP level 6. HP: 42/45 MP: 3/10
  4266 | D:4      | Identified the +2 robe of the Nightingale {*Corrode rElec
                  | Will+}
  4276 | D:4      | Reached skill level 7 in Conjurations
  4526 | D:4      | Found a basalt altar of Yredelemnul.
  4632 | D:5      | Entered Level 5 of the Dungeon
  4637 | D:5      | Found a staircase to the Ecumenical Temple.
  4646 | Temple   | Entered the Ecumenical Temple
  4878 | Temple   | Became a worshipper of Vehumet
  4899 | D:5      | Identified the +0 scale mail "Roty" {rElec Stlth+}
  4909 | D:5      | Found a runed translucent gate.
  4910 | D:5      | Found a runed translucent gate.
  4911 | D:5      | Found a runed translucent gate.
  5077 | D:5      | Your scales start taking on an icy white colour.
  5077 | D:5      | Reached XP level 7. HP: 50/50 MP: 3/11
  5077 | D:5      | Gained mutation: Your flesh is cold resistant. (rC+) [White
                  | Draconian growth]
  5288 | D:5      | Reached skill level 8 in Conjurations
  5631 | D:5      | HP: 2/50 [poisoned by a gnoll sergeant]
  5636 | D:5      | HP: 2/50 [poisoned by a gnoll sergeant]
  5825 | D:5      | Found a shimmering blue altar of Sif Muna.
  6218 | D:5      | Noticed ConnorV's ghost (novice MiBe)
  6366 | D:6      | Reached skill level 9 in Conjurations
  6366 | D:6      | Reached XP level 8. HP: 55/58 MP: 5/12
  6431 | D:6      | Found a transporter.
  6453 | D:6      | Noticed a hell hog
  6466 | D:6      | Found a transporter.
  6531 | D:6      | Reached skill level 1 in Short Blades
  6658 | D:7      | Reached * piety under Vehumet
  6658 | D:7      | Offered knowledge of Shock by Vehumet.
  6663 | D:7      | Learned a level 3 spell: Vampiric Draining
  7016 | D:7      | Reached skill level 1 in Fighting
  7169 | D:7      | Noticed Fractals's ghost (novice DEFE)
  7170 | D:7      | Noticed a moth of wrath
  7176 | D:7      | Found a transporter.
  7180 | D:7      | Found a bloodstained altar of Trog.
  7180 | D:7      | Found the +8 frozen axe "Frostbite" {freezing cloud, *Noise
                  | Fly rC+}
  7194 | D:7      | Found a transporter.
  7392 | D:7      | Found a blossoming altar of Fedhas.
  7425 | D:7      | Reached XP level 9. HP: 67/67 MP: 0/15
  7685 | D:7      | Found Qotsuovy's Weapon Shop.
  7957 | D:5      | Killed ConnorV's ghost
  8185 | D:6      | Found a one-way gate to the infinite horrors of the Abyss.
  8194 | D:6      | Noticed LustLizard's ghost (novice SpAM)
  8211 | D:6      | Killed a hell hog
  8212 | D:6      | Reached skill level 5 in Spellcasting
  8212 | D:6      | Reached skill level 10 in Conjurations
  8213 | D:6      | Killed LustLizard's ghost
  8394 | D:7      | Reached ** piety under Vehumet
  8399 | D:7      | Offered knowledge of Static Discharge by Vehumet.
  8403 | D:7      | Killed a moth of wrath
  8404 | D:7      | Reached XP level 10. HP: 79/79 MP: 4/18
  8413 | D:7      | Reached skill level 5 in Dodging
  8487 | D:6      | Killed Fractals's ghost
  8684 | D:8      | Found a hide-covered altar of Uskayaw.
  9002 | D:8      | Found Maerchig's Firing Range.
  9065 | D:8      | Found an opulent altar of Gozag.
  9216 | D:8      | Reached skill level 5 in Fighting
  9216 | D:8      | Reached skill level 1 in Axes
  9403 | D:8      | Noticed Psyche
  9411 | D:8      | Killed Psyche
  9521 | D:9      | Gained mutation: You are dopey. (Int -2) [potion of
                  | mutation]
  9522 | D:9      | Lost mutation: You are dopey. (Int -2) [potion of mutation]
  9522 | D:9      | Gained mutation: You are agile. (Dex +4, Str/Int -1)
                  | [potion of mutation]
  9522 | D:9      | Gained mutation: You possess an exceptional clarity of
                  | mind. [potion of mutation]
  9522 | D:9      | Gained mutation: You are very agile. (Dex +8, Str/Int -2)
                  | [potion of mutation]
  9688 | D:9      | Offered knowledge of Scorch by Vehumet.
  9814 | D:9      | Found a sacrificial altar of Ru.
  9881 | D:9      | Reached *** piety under Vehumet
  9888 | D:9      | Identified the +4 dagger of Qoemnam {pain, Str+3}
 10033 | D:9      | Reached skill level 5 in Axes
 10052 | D:9      | Noticed a two-headed ogre
 10064 | D:9      | Killed a two-headed ogre
 10065 | D:9      | Reached XP level 11. HP: 89/89 MP: 4/20
 10097 | D:9      | Noticed a two-headed ogre
 10173 | D:9      | Identified the ring of Roiniel {rCorr EV+4 Str+2}
 10179 | D:9      | Offered knowledge of Airstrike by Vehumet.
 10312 | D:9      | Killed a two-headed ogre
 11199 | D:9      | Reached skill level 1 in Poison Magic
 11257 | D:9      | Reached skill level 1 in Evocations
 11364 | D:10     | Entered Level 10 of the Dungeon
 11368 | D:10     | Identified a scroll of acquirement
 11368 | D:10     | Acquired 1044 gold pieces
 11392 | D:10     | Reached skill level 11 in Conjurations
 11478 | D:10     | Found Kuirph's Assorted Antiques.
 11485 | D:10     | Bought a condenser vane for 680 gold pieces
 11485 | D:10     | Bought a scroll of identify for 34 gold pieces
 11485 | D:10     | Bought a potion of magic for 136 gold pieces
 11485 | D:10     | Bought a potion of might for 68 gold pieces
 11510 | D:10     | Found a snail-covered altar of Cheibriados.
 11566 | D:10     | Reached **** piety under Vehumet
 11632 | D:10     | Offered knowledge of Frozen Ramparts by Vehumet.
 11660 | D:10     | Acquired the amulet "Ehi Edos" {RegenMP Harm rCorr Str-4
                  | Int+6}
 11836 | D:10     | Learned a level 3 spell: Frozen Ramparts
 11866 | D:10     | Found a staircase to the Orcish Mines.
 11889 | D:10     | Noticed Sonja
 11918 | D:10     | Killed Sonja
 11926 | D:10     | Reached skill level 1 in Ice Magic
 12205 | D:10     | Found a staircase to the Lair.
 12393 | D:10     | Found a glowing silver altar of Zin.
 12393 | D:10     | Noticed an angel
 13087 | D:11     | Reached XP level 12. HP: 76/97 MP: 21/23
 13317 | D:11     | Noticed Amaemon
 13346 | D:11     | Killed Amaemon
 13452 | D:11     | Noticed a boulder beetle
 13463 | D:11     | Killed a boulder beetle
 13464 | D:11     | Reached skill level 5 in Translocations
 13490 | D:11     | Noticed a five-headed hydra
 13500 | D:11     | HP: 4/97 [five-headed hydra (9)]
 13500 | D:11     | Slain by a five-headed hydra

Illustrated notes

Levels and vault maps discovered:
D:1:      shiori_arrival_maze, layout_basic,
          chequers_ecumenical_altar_simple_redux
D:2:      layout_basic, serial_aquarium, aquarium_bridge_square
          [aquarium_subvault_bridge, aquarium_subvault_wall,
          aquarium_subvault_wall, aquarium_subvault_wall],
          aquarium_window_corner, aquarium_window_1, aquarium_view_2e,
          aquarium_view_2d, aquarium_pool_1, minmay_quantized
D:3:      layout_rooms, evilmike_ruin_ashenzari, dreamdust_princess_bridge,
          uniq_robin, uniq_jessica
D:4:      layout_cave_pools, general_overflow_altar, kennysheep_mini_moat
D:5:      layout_gridville, lemuel_blue_sif_altar,
          minmay_temple_entry_drinking_statues, gammafunk_ghost_necromancy
D:6:      layout_gridville, gammafunk_ghost_abyssal_escape
D:7:      layout_rooms, mainiacjoe_overflow_surrounded_room,
          gammafunk_ghost_wrathful_warriors, nicolae_inconvenience_store
D:8:      layout_basic, mainiacjoe_overflow_small_starburst,
          amcnicky_altar_gilded, nicolae_shop_firing_range, uniq_psyche
D:9:      kennysheep_town
D:10:     layout_loops_ring, zin_angel,
          mainiacjoe_overflow_concentric_impassable, erik_lair_dragon,
          orc_0_dummy, serial_shops, nicolae_shop_overgrown_old_shop,
          minmay_door_square, uniq_sonja
D:11:     layout_basic, nicolae_kite_square_tiling_tiny, uniq_amaemon
Temple:   compressed_dpeg_triangle_lava_temple

Skill      XL: |  1  2  3  4  5  6  7  8  9 10 11 12 |
---------------+-------------------------------------+-----
Spellcasting   | 3 4 5 6 7 |  7.5
Conjurations   | 5 6 7 9 10 11 | 11.1
Translocations | 1 2 3 4 5 |  5.0
Dodging        | 2 3 4 6 7 |  7.4
Short Blades   | 1 |  1.9
Necromancy     | 3 4 |  4.0
Fighting       | 1 4 5 6 |  6.9
Axes           | 5 8 |  8.5
Stealth        | 2 |  2.7
Poison Magic   | 1 |  1.0
Evocations     | 1 |  1.0
Ice Magic      | 1 |  1.6
Throwing       | |  0.3

Action                   |  1- 3 |  4- 6 |  7- 9 | 10-12 || total
-------------------------+-------+-------+-------+-------++-------
Melee: Unarmed           |    42 |     8 |       |       ||    50
       Tailslap          |     5 |     6 |    28 |    23 ||    62
       Punch             |     1 |       |     1 |       ||     2
       Dagger            |       |    55 |   102 |    51 ||   208
       Executioner's axe |       |       |       |   161 ||   161
Throw: Dart              |       |       |       |     8 ||     8
 Cast: Magic Dart        |    44 |    39 |    16 |    33 ||   132
       Searing Ray       |    15 |    22 |    26 |    38 ||   101
       Iskenderun's Myst |       |     5 |    23 |    43 ||    71
       Vampiric Draining |       |       |     5 |     2 ||     7
       Frozen Ramparts   |       |       |       |     6 ||     6
  Use: Scroll            |     5 |     7 |     9 |    11 ||    32
       Potion            |       |     3 |     5 |     8 ||    16
 Stab: Sleeping          |       |       |       |     3 ||     3
Armor: Skin              |    18 |    82 |    78 |   149 ||   327
Dodge: Dodged            |    23 |    98 |    92 |   318 ||   531
Block: Buckler           |       |       |     3 |    13 ||    16
